 Dungeon Crawl Stone Soup version 0.30.1-3-gfc49f6343a (webtiles) character file.

Game seed: 13777693797729145573

52157 Pifanjr the Tortoise (level 14, -1/135 HPs)
             Began as a Minotaur Fighter on July 28, 2023.
             Was an Elder of Trog.
             Succumbed to a wolf spider's poison
             ... on level 4 of the Spider Nest on July 30, 2023.
             The game lasted 03:24:15 (20251 turns).

Pifanjr the Tortoise (Minotaur Fighter)            Turns: 20251, Time: 03:24:15

Health: -1/135     AC: 24    Str: 31    XL:     14   Next: 26%
Magic:  13/13      EV:  8    Int:  5    God:    Trog [****..]
Gold:   801        SH: 24    Dex: 11    Spells: 13/13 levels left

rFire   . . .        r - +9 flail (protect)
rCold   + + .        F - +7 tower shield "Lual" {-Tele rC+ SInv}
rNeg    + . .        s - +2 plate armour {rC+}
rPois   .            (helmet restricted)
rElec   .            l - +0 cloak
rCorr   .            (no gloves)
SInv    +            i - +0 pair of boots
Will    +....        n - amulet of faith Stlth
                     v - ring of positive energy
HPRegen 0.42/turn    I - +6 ring of strength
MPRegen 0.13/turn

%: no teleportation, faith
@: lethally poisoned (-1 -> -18), studying Maces & Flails
A: horns 2, retaliatory headbutt, iridescent scales 1, sense surroundings 1,
inability to read after injury 1
a: Renounce Religion, Berserk, Trog's Hand, Brothers in Arms


You were on level 4 of the Spider Nest.
You worshipped Trog.
Trog was greatly pleased with you.
You visited 5 branches of the dungeon, and saw 19 of its levels.
You also visited: Ossuary.

You collected 817 gold pieces.
You donated 16 gold pieces to Zin.

Inventory:

Hand Weapons
 a - a +1 spear of flaming
 f - a +2 hand axe of electrocution
 h - a +3 hand axe of venom
 q - a +1 arbalest of freezing
 r - a +9 flail of protection (weapon)
 x - a +5 rapier of electrocution
Missiles
 b - 18 poisoned darts
 m - 3 datura-tipped darts
 t - an atropa-tipped dart
 u - 2 throwing nets
 K - 4 javelins
Armour
 c - a +0 buckler
 i - a +0 pair of boots (worn)
 j - a +0 plate armour
 l - a +0 cloak (worn)
 s - a +2 plate armour of cold resistance (worn)
 F - the +7 tower shield "Lual" (worn) {-Tele rC+ SInv}
   (You took it off Louise on level 2 of the Spider Nest)

   rC:        It protects you from cold.
   SInv:      It lets you see invisible.
   -Tele:     It prevents most forms of teleportation.
Magical Staves
 G - a staff of poison
Jewellery
 e - a +5 ring of evasion
 n - an amulet of faith (around neck)
 v - a ring of positive energy (left hand)
 y - a +6 ring of dexterity
 C - an amulet of magic regeneration
 H - an amulet of the acrobat
 I - a +6 ring of strength (right hand)
Wands
 z - a wand of charming (1) (quivered)
 B - a wand of light (2)
Scrolls
 p - 3 scrolls of identify
 w - 7 scrolls of teleportation
 D - a scroll of fear
 E - 2 scrolls of immolation
Potions
 g - a potion of magic
 k - 4 potions of flight
 o - 3 potions of cancellation
 L - a potion of brilliance {unknown}


   Skills:
 + Level 15.4 Fighting
 - Level 6.1(10.6) Axes
 - Level 13.4(14.0) Maces & Flails
 + Level 2.9 Ranged Weapons
 - Level 1.1 Throwing
 + Level 16.4 Armour
 + Level 3.1 Dodging
 + Level 2.7 Stealth
 + Level 13.6 Shields
 + Level 2.8 Evocations


You had 13 spell levels left.
You didn't know any spells.
Your spell library contained the following spells:

 Spells                   Type           Power      Damage    Failure   Level
 Apportation              Tloc           0%         N/A       99%         1
 Poisonous Vapours        Pois/Air       0%         N/A       100%        2
 Mephitic Cloud           Conj/Pois/Air  0%         N/A       100%        3
 Alistair's Intoxication  Tmut/Pois      0%         N/A       100%        5
 Freezing Cloud           Conj/Ice/Air   0%         6-21      100%        5


Dungeon Overview and Level Annotations

Branches:
Dungeon (10/15)            Temple (1/1) D:5            Lair (3/5) D:10
 Shoals (1/4) Lair:2       Spider (4/4) Lair:3      Ossuary (visited)
    Orc: D:9-12

Altars:
Cheibriados
Dithmenos
Elyvilon
Fedhas
Gozag
Kikubaaqudgha
Makhleb
Nemelex Xobeh
Okawaru
Qazlal
Ru
Sif Muna
Trog
Uskayaw
Vehumet
Wu Jian
Xom
Yredelemnul
Zin
The Shining One

Shops:
D:2 **   D:4 (   D:6 ?

Annotations:
D:7 3 runed translucent doors, Peloso's ghost, novice MiFi
Shoals:1 Nikola
Spider:3 1 exclusion


Innate Abilities, Weirdness & Mutations

You have a pair of horns on your head.
You reflexively headbutt those who attack you in melee.
You are partially covered in iridescent scales. (AC +2)
You passively map a small area around you.
You occasionally lose the ability to read scrolls when taking damage.


Message History

Something stings your tarantella.
Your tarantella is poisoned.
Something poisons your tarantella! You block your ogre's attack.
You feel very sick.
The meliai hits your ogre with a +0 heavy hand axe!!
Your ogre dies!
Your ogre's corpse disappears in a puff of smoke!
The meliai misses your tarantella.
You feel sick.
The meliai invokes the aid of its god against you.
Something smites you!
* * * LOW HITPOINT WARNING * * *
You feel sick.
Your tarantella dies!
You block the meliai's attack. x3
The meliai stings you but does no damage.
You sock the meliai!
Your weapon exudes an aura of protection.
The meliai is heavily wounded.
You feel sick.
A wolf spider comes into view.
The meliai hits you but does no damage. You block the meliai's attack.
You sock the meliai!
You kill the meliai!
Trog accepts your kill.
You feel sick.
Okay, then.
Okay, then.
You feel sick.
A redback comes into view.
You see here a tarantella corpse.
You feel sick.
You feel sick.
You are no longer poisoned.
You see here a jumping spider corpse.
You block the wolf spider's attack. The wolf spider bites you.
* * * LOW HITPOINT WARNING * * *
You are lethally poisoned!
The wolf spider poisons you!
You die...

#####....#
#^^^.^...#.... #....##
#####....#[.## y.
##^.### ##.#^†........#
#.#.#^###....).......##,
#..^)†...##^.#^#)†...##
,
##.#.#..s##...^.#^....#
#####..#s............# *
##...#.^......^..#*
##.^@<##.......^#,
##............## ,
#..........^.#
#...##..#...##
##..#.........
#####.#....... *
#####^.... ..^ *


You could see a wolf spider and a redback.

Vanquished Creatures
  2 emperor scorpions
  2 ghost moths
  A broodmother (Spider:4)
  Snorg (D:10)
  2 entropy weavers (Spider:2)
  A hydra (Lair:3)
  2 pharaoh ants
  3 orb spiders
  2 steelbarb worms
  8 wolf spiders
  2 moths of wrath (Spider:4)
  A black mamba (Lair:2)
  7 cane toads
  A rime drake (Lair:3)
  6 komodo dragons
  2 trolls
  3 meliai
  A hornet (D:8)
  Grinder (D:3)
  11 tarantellas
  16 jumping spiders
  A shadow (D:10)
  10 culicivoras
  40 yaks
  7 wyverns
  2 basilisks
  23 redbacks
  9 water moccasins
  An acid dragon (D:10)
  3 orc warriors
  4 ice beasts
  2 sky beasts
  6 black bears
  13 wolves
  2 centaurs
  A phantom (D:7)
  2 kobold brigands
  2 elf zombies (Ossuary)
  Blork the orc (D:5)
  9 bullfrogs
  3 gnoll sergeants
  3 scorpions
  3 wights (D:9)
  8 killer bees
  4 howler monkeys (D:8)
  2 centaur zombies (Ossuary)
  6 hounds
  A human zombie (Ossuary)
  A jelly (D:7)
  9 orc priests
  Crazy Yiuf (D:7)
  2 gnoll boudas
  Ijyb (D:4)
  4 iguanas
  2 orc wizards
  A hound zombie (Ossuary)
  4 mummies
  20 gnolls
  2 adders
  A shadow imp (D:7)
  2 adder zombies (Ossuary)
  3 worms
  5 dart slugs
  26 orcs
  10 endoplasms
  5 giant cockroaches
  8 goblins
  8 hobgoblins
  5 jackals
  3 training dummies (D:4)
  4 ball pythons
  10 bats
  5 frilled lizards
  A gnoll zombie (Ossuary)
  8 goblin zombies
  5 hobgoblin zombies (Ossuary)
  4 jackal zombies (Ossuary)
  17 kobolds
  5 kobold zombies (Ossuary)
  An orc zombie (Ossuary)
  2 quokka zombies (Ossuary)
  2 rats
  2 rat zombies (Ossuary)
  2 butterflies (D:8)
434 creatures vanquished.

Vanquished Creatures (collateral kills)
  Arachne (Spider:3)
  Louise (Spider:2)
  A broodmother (Spider:4)
  3 boulder beetles
  A wolf spider (Spider:4)
  2 oklob plants (Lair:1)
  A moth of wrath (Spider:1)
  2 tarantellas
  2 culicivoras
  6 jumping spiders
  5 redbacks (Spider:1)
25 creatures vanquished.

Vanquished Creatures (others)
  A pharaoh ant (Spider:1)
  A sea snake (Shoals:1)
  A steelbarb worm (Spider:3)
  A wolf spider (Spider:3)
  A meliai (Spider:4)
  2 tarantellas
  A jumping spider (Spider:4)
  A howler monkey (D:8)
9 creatures vanquished.

Grand Total: 468 creatures vanquished

Notes
Turn   | Place    | Note
-------+----------+-------------------------------------------
     0 | D:1      | Pifanjr the Minotaur Fighter began the quest for the Orb.
     0 | D:1      | Reached XP level 1. HP: 19/19 MP: 0/0
    68 | D:1      | Reached XP level 2. HP: 27/27 MP: 1/1
   124 | D:1      | Reached skill level 4 in Armour
   222 | D:1      | Reached XP level 3. HP: 33/33 MP: 2/2
  1034 | D:2      | Found Rabiut's Assorted Antiques.
  1395 | D:2      | Found Ycodo's General Store.
  2229 | D:3      | Reached XP level 4. HP: 37/41 MP: 3/3
  2230 | D:3      | Reached skill level 1 in Ranged Weapons
  2487 | D:3      | Noticed Grinder
  2495 | D:3      | Killed Grinder
  2496 | D:3      | Reached skill level 1 in Stealth
  2496 | D:3      | Reached XP level 5. HP: 41/47 MP: 4/4
  2496 | D:3      | Reached XP level 6. HP: 48/55 MP: 5/5
  3522 | D:4      | Noticed Ijyb
  3541 | D:4      | Killed Ijyb
  3874 | D:4      | Found Uzesirin's Firing Range.
  3974 | D:4      | Reached skill level 5 in Fighting
  4117 | D:4      | Found a glowing silver altar of Zin.
  4126 | D:4      | Became a worshipper of Zin the Law-Giver
  4411 | D:5      | Entered Level 5 of the Dungeon
  4422 | D:5      | Found a burning altar of Makhleb.
  4455 | D:5      | Noticed a water moccasin
  4461 | D:5      | Killed a water moccasin
  4462 | D:5      | Reached skill level 5 in Armour
  4462 | D:5      | Reached XP level 7. HP: 52/61 MP: 6/6
  4821 | D:5      | Reached skill level 1 in Throwing
  4868 | D:5      | Reached * piety under Zin
  4914 | D:5      | Reached skill level 5 in Axes
  5040 | D:5      | Reached skill level 6 in Armour
  5146 | D:5      | Found a staircase to the Ecumenical Temple.
  5162 | Temple   | Entered the Ecumenical Temple
  5199 | Temple   | Fell from the grace of Zin
  5199 | Temple   | Became a worshipper of Trog the Wrathful
  5535 | D:5      | Reached XP level 8. HP: 70/70 MP: 7/7
  5690 | D:5      | Noticed Blork the orc
  5707 | D:5      | Killed Blork the orc
  6333 | D:6      | Found an iron altar of Okawaru.
  6352 | D:6      | Reached skill level 1 in Dodging
  6562 | D:6      | Reached skill level 5 in Maces & Flails
  6571 | D:6      | Reached skill level 7 in Armour
  6648 | D:6      | Reached * piety under Trog
  7011 | D:6      | Reached XP level 9. HP: 78/78 MP: 8/8
  7065 | D:6      | Found Qilaimel's Magic Scroll Boutique.
  7421 | D:7      | Reached skill level 5 in Shields
  7666 | D:7      | Reached ** piety under Trog
  7813 | D:7      | Found a runed translucent gate.
  7815 | D:7      | Found a runed translucent gate.
  7815 | D:7      | Noticed Peloso's ghost (novice MiFi)
  7943 | D:7      | Found a runed translucent gate.
  8049 | D:7      | Found a runed translucent door.
  8050 | D:7      | Noticed Crazy Yiuf
  8055 | D:7      | Killed Crazy Yiuf
  8170 | D:7      | Reached skill level 10 in Maces & Flails
  8533 | D:8      | Reached skill level 8 in Armour
  8556 | D:8      | Found a shimmering altar of Xom.
  8633 | D:8      | Reached XP level 10. HP: 88/88 MP: 9/9
  8712 | D:8      | Noticed a two-headed ogre
  8719 | D:8      | Found a sand-covered staircase.
  8725 | Ossuary  | Entered an ossuary
  8766 | Ossuary  | Reached *** piety under Trog
  9033 | D:7      | Gained mutation: You have an increased reservoir of magic.
                  | (+10% MP) [potion of mutation]
  9033 | D:7      | Lost mutation: You have an increased reservoir of magic.
                  | (+10% MP) [potion of mutation]
  9033 | D:7      | Gained mutation: Your spells are a little easier to cast,
                  | but a little less powerful. [potion of mutation]
  9033 | D:7      | Gained mutation: Your mind is acute. (Int +4, Str/Dex -1)
                  | [potion of mutation]
  9034 | D:7      | Lost mutation: Your mind is acute. (Int +4, Str/Dex -1)
                  | [potion of mutation]
  9034 | D:7      | Lost mutation: Your spells are a little easier to cast, but
                  | a little less powerful. [potion of mutation]
  9034 | D:7      | Gained mutation: You are weak. (Str -2) [potion of
                  | mutation]
  9034 | D:7      | Gained mutation: Your flesh is cold resistant. (rC+)
                  | [potion of mutation]
  9111 | D:8      | Reached **** piety under Trog
  9309 | D:8      | Identified a scroll of acquirement
  9310 | D:8      | Acquired a manual of Maces & Flails
  9340 | D:8      | Found a blossoming altar of Fedhas.
  9691 | D:9      | Reached skill level 9 in Armour
 10125 | D:9      | Reached XP level 11. HP: 97/97 MP: 10/10
 10133 | D:9      | Reached skill level 10 in Armour
 10384 | D:9      | Reached ***** piety under Trog
 10539 | D:10     | Entered Level 10 of the Dungeon
 10539 | D:10     | Noticed Snorg
 10599 | D:10     | Reached skill level 10 in Fighting
 10610 | D:10     | Killed Snorg
 10872 | D:10     | Reached skill level 11 in Armour
 11283 | D:10     | Found a staircase to the Lair.
 11306 | Lair:1   | Entered Level 1 of the Lair of Beasts
 11405 | Lair:1   | Reached skill level 12 in Armour
 11861 | Lair:1   | Reached XP level 12. HP: 104/112 MP: 11/11
 12849 | Lair:1   | Reached skill level 13 in Armour
 12878 | Lair:2   | Found a staircase to the Shoals.
 12883 | Shoals:1 | Entered Level 1 of the Shoals
 12883 | Shoals:1 | Noticed Nikola
 12971 | Lair:2   | Reached skill level 1 in Evocations
 13464 | Lair:2   | Noticed a six-headed hydra
 13512 | Lair:3   | Noticed a boulder beetle
 13527 | Lair:3   | Noticed a five-headed hydra
 13544 | Lair:3   | Killed a five-headed hydra
 13545 | Lair:3   | Killed a boulder beetle
 13836 | Lair:3   | Lost mutation: Your flesh is cold resistant. (rC+) [potion
                  | of mutation]
 13836 | Lair:3   | Lost mutation: You are weak. (Str -2) [potion of mutation]
 13836 | Lair:3   | Gained mutation: You are partially covered in iridescent
                  | scales. (AC +2) [potion of mutation]
 13836 | Lair:3   | Gained mutation: You occasionally lose the ability to read
                  | scrolls when taking damage. [potion of mutation]
 13836 | Lair:3   | Gained mutation: You passively map a small area around you.
                  | [potion of mutation]
 14157 | Lair:3   | Found a hole to the Spider Nest.
 14169 | Lair:3   | Reached skill level 14 in Armour
 14596 | Spider:1 | Entered Level 1 of the Spider Nest
 14596 | Spider:1 | Noticed an emperor scorpion
 14620 | Spider:1 | Killed an emperor scorpion
 14969 | Spider:1 | Noticed a boulder beetle
 14973 | Spider:1 | Killed a boulder beetle
 15192 | Spider:1 | Noticed a boulder beetle
 15210 | Spider:1 | Killed a boulder beetle
 15213 | Spider:1 | Reached skill level 15 in Armour
 15215 | Spider:1 | Reached XP level 13. HP: 99/123 MP: 12/12
 15700 | Spider:2 | You fall into a shaft and drop 1 floor!
 15713 | Spider:3 | Noticed Arachne
 15877 | Spider:2 | Killed a ghost moth
 16752 | Spider:2 | Noticed an emperor scorpion
 16778 | Spider:2 | Killed an emperor scorpion
 17546 | Spider:2 | Identified the +7 tower shield "Lual" {-Tele rC+ SInv}
 17546 | Spider:2 | Noticed Louise
 17557 | Spider:2 | Killed Louise
 18239 | Spider:3 | Reached skill level 10 in Shields
 18658 | Spider:3 | Received a gift from Trog
 18780 | Spider:3 | Killed Arachne
 18781 | Spider:3 | Reached skill level 15 in Fighting
 18781 | Spider:3 | Reached skill level 16 in Armour
 18955 | Spider:4 | Entered Level 4 of the Spider Nest
 18955 | Spider:4 | Noticed a ghost moth
 18970 | Spider:4 | Killed a ghost moth
 19224 | Spider:4 | Noticed a broodmother
 19236 | Spider:4 | Killed a broodmother
 19476 | Spider:4 | Reached XP level 14. HP: 135/135 MP: 13/13
 19586 | Spider:4 | Noticed a broodmother
 19879 | Spider:4 | Killed a broodmother
 20241 | Spider:4 | HP: 6/135 [poisoned by a meliai]
 20250 | Spider:4 | HP: 4/135 [wolf spider (3)]
 20251 | Spider:4 | Succumbed to a wolf spider's poison

Illustrated notes

Levels and vault maps discovered:
D:1:      saegor_arrival_under_anarchy, layout_basic
D:2:      layout_loops_corners, serial_shops, shop, nicolae_shop_trees
D:3:      layout_basic, uniq_grinder
D:4:      layout_loops_corners, mainiacjoe_overflow_catwalk,
          nicolae_shop_firing_range, uniq_ijyb
D:5:      layout_basic, mainiacjoe_overflow_surrounded_room,
          minmay_temple_entry_mini_moons, nrook_campfire, dk_rats_in_the_wall,
          uniq_blork_the_orc
D:6:      nicolae_BIG_FREAKIN_CUBE, layout_cave_pools,
          mainiacjoe_overflow_concentric_impassable, serial_shops,
          nicolae_shop_tiny_real_fake_doors
D:7:      layout_loops_cross, gammafunk_ghost_necromancy,
          nicolae_underground_beach, uniq_crazy_yiuf_cottage
D:8:      layout_loops_ring, xom_butterflies, fedhas_altar_3,
          nicolae_ossuary_entry_giza
D:9:      layout_loops_ring
D:10:     layout_long_grid, minitemple, minmay_lair_entry_grove, enter_trove_0,
          uniq_snorg, uniq_harold, uniq_erica
Temple:   nicolae_temple_bog_church
Lair:1:   minmay_lair_oklob_chamber, layout_cave_pods
Lair:2:   nzn_winding_woodlands_three_and_one
          [nzn_winding_woodlands_5x15_lazy_stream,
          nzn_winding_woodlands_5x15_pathside_ponds,
          nzn_winding_woodlands_5x15_twine,
          nzn_winding_woodlands_center_diamonds], layout_small_grid,
          shoals_dummy_entry
Lair:3:   layout_chaotic_city, hellmonk_spider_entry_not_the_bees
Shoals:1: layout_shoals, serial_shops, shop, uniq_nikola
Spider:1: layout_cave_pods
Spider:2: layout_chambers, uniq_louise
Spider:3: layout_spider_delve, uniq_arachne
Spider:4: grunt_spider_rune_circles

Skill      XL: |  1  2  3  4  5  6  7  8  9 10 11 12 13 14 |
---------------+-------------------------------------------+-----
Fighting       | 4 5 6 7 9 11 13 15 | 15.4
Armour         | 4 5 6 7 8 9 12 15 16 | 16.4
Shields        | 4 5 7 8 12 13 | 13.6
Maces & Flails | 3 7 11 13 | 13.4
Ranged Weapons | 2 |  2.9
Axes           | 2 4 6 |  6.1
Stealth        | 1 2 |  2.7
Throwing       | 1 |  1.1
Dodging        | 1 2 3 |  3.1
Evocations     | 2 |  2.8

Action                     |  1- 3 |  4- 6 |  7- 9 | 10-12 | 13-15 || total
---------------------------+-------+-------+-------+-------+-------++-------
  Melee: Flail             |    52 |       |   214 |   644 |   376 ||  1286
         Headbutt          |     8 |     9 |    56 |   151 |    91 ||   315
         Hand axe          |    32 |    63 |    59 |       |       ||   154
   Fire: Sling             |    25 |       |       |       |       ||    25
  Throw: Dart              |     3 |     3 |    15 |     5 |    82 ||   108
         Stone             |     2 |       |       |       |       ||     2
         Javelin           |       |       |       |       |     9 ||     9
 Invoke: Recite            |       |       |     1 |       |       ||     1
         Berserk           |       |       |     1 |     1 |       ||     2
         Brothers in Arms  |       |       |       |     5 |     8 ||    13
  Evoke: Wand              |       |       |       |    11 |     9 ||    20
    Use: Scroll            |     6 |     4 |    10 |     9 |     5 ||    34
         Potion            |     2 |     1 |     5 |    13 |     3 ||    24
   Stab: Invisible         |       |       |       |     1 |       ||     1
 Armour: Scale mail        |    22 |       |       |       |       ||    22
         Chain mail        |     2 |    10 |    59 |       |       ||    71
         Plate armour      |       |       |    49 |   243 |   252 ||   544
  Dodge: Dodged            |    50 |    26 |   102 |   228 |   104 ||   510
  Block: Buckler           |     7 |    12 |    46 |   120 |    54 ||   239
         Tower shield      |       |       |       |       |   349 ||   349
